 Dungeon Crawl Stone Soup version 0.29-a0-9-g022ca4c890 (webtiles) character file.

Game seed: 1281822093031415134

2379 issech the Ducker (level 9, -9/79 HPs)
             Began as a Troll Monk on Jan 28, 2022.
             Was a Believer of Hepliaklqana.
             Mangled by an eight-headed hydra (14 damage)
             ... on level 6 of the Dungeon.
             The game lasted 00:26:02 (5508 turns).

issech the Ducker (Troll Monk)                      Turns: 5508, Time: 00:26:03

Health: -9/79      AC:  4    Str: 27    XL:     9   Next: 22%
Magic:  8/8        EV: 11    Int: 10    God:    Hepliaklqana [**....]
Gold:   294        SH:  7    Dex: 16    Spells: 8/8 levels left

rFire   . . .      SeeInvis .   A - +10 hand axe "Mukk" {protect, +Blink Int+4}
rCold   . . .      Faith    .   H - +0 kite shield
rNeg    . . .      Spirit   .   b - +0 robe
rPois   .          Reflect  .   (helmet restricted)
rElec   .          Harm     .   (no cloak)
rCorr   .          Rampage  .   (gloves unavailable)
Will    .....                   (boots unavailable)
Stlth   ++........              (no amulet)
HPRegen 1.03/turn               d - +6 ring of strength
MPRegen 0.11/turn               w - ring of wizardry

@: no status effects
A: reduced essence, large, unfitting armour, claws 3, regeneration 1, shaggy fur
1, tough skin 1
a: Renounce Religion, Evoke Blink, Recall Ancestor, Ancestor Identity


You were on level 6 of the Dungeon.
You worshipped Hepliaklqana.
Hepliaklqana was pleased with you.
You visited 2 branches of the dungeon, and saw 7 of its levels.

You collected 294 gold pieces.

Inventory:

Hand Weapons
 c - a +0 hunting sling
 m - a +2 dagger of draining
 n - a +2 dagger of speed
 r - a +0 giant club
 y - a +1 vampiric spear
 A - the +10 hand axe "Mukk" (weapon) {protect, +Blink Int+4}
   (You found it on level 5 of the Dungeon)

   It grants its wielder temporary protection when it strikes (+7 to AC).
   Int:       It affects your intelligence (+4).
   +Blink:    It lets you blink.
 B - a +1 bardiche of venom
 C - a +0 trident of freezing
 F - a +2 dagger of holy wrath
 J - a +3 long sword
Missiles
 g - 108 stones (quivered)
 q - 50 arrows
 s - 8 poisoned darts
 t - 46 sling bullets
 u - 3 large rocks
 v - 20 bolts
Armour
 b - a +0 robe (worn)
 H - a +0 kite shield (worn)
Jewellery
 d - a +6 ring of strength (left claw)
 w - a ring of wizardry (right claw)
Wands
 o - a wand of acid (10)
Scrolls
 e - 3 scrolls of enchant armour
 f - 2 scrolls of enchant weapon
 i - 2 scrolls of holy word
 j - a scroll of identify
 l - 3 scrolls of magic mapping
 x - a scroll of teleportation
 D - a scroll of summoning
 E - a scroll of immolation
 G - a scroll of fog {unknown}
Potions
 a - 2 potions of heal wounds {unknown}
 h - 2 potions of magic {unknown}
 k - 2 potions of berserk rage {unknown}
 p - a potion of curing {unknown}
 z - a potion of lignification {unknown}
 I - a potion of brilliance {unknown}


   Skills:
 + Level 5.0 Fighting
 + Level 3.6 Short Blades
 + Level 4.1(5.0) Axes
 + Level 4.6(5.5) Maces & Flails
 + Level 0.1 Throwing
 + Level 6.0 Dodging
 + Level 2.4 Stealth
 + Level 0.4 Shields


You had 8 spell levels left.
You didn't know any spells.
Your spell library contained the following spells:

 Spells                   Type           Power      Damage    Failure   Level
 Pain                     Necr           0%         1d4       36%         1
 Conjure Flame            Conj/Fire      0%         6-21      71%         3
 Gell's Gravitas          Tloc           0%         N/A       71%         3
 Ignite Poison            Fire/Tmut/Pois 0%         N/A       71%         3
 Portal Projectile        Hex/Tloc       0%         N/A       71%         3
 Teleport Other           Tloc           0%         N/A       71%         3
 Animate Armour           Summ/Erth      0%         N/A       98%         4
 Sticky Flame             Conj/Fire      0%         2d3       98%         4
 Agony                    Necr           0%         N/A       100%        5
 Blade Hands              Tmut           0%         N/A       100%        5
 Excruciating Wounds      Necr           0%         N/A       100%        5
 Dispersal                Tloc           0%         N/A       100%        6
 Iron Shot                Conj/Erth      0%         9d1       100%        6


Dungeon Overview and Level Annotations

Branches:
Dungeon (6/15)             Temple (1/1) D:4

Altars:
Ashenzari
Cheibriados
Dithmenos
Elyvilon
Fedhas
Gozag
Hepliaklqana
Kikubaaqudgha
Makhleb
Nemelex Xobeh
Okawaru
Ru
Sif Muna
Uskayaw
Vehumet
Wu Jian
Xom
Yredelemnul
Zin
The Shining One

Shops:
D:3 *   D:4 :

Annotations:
D:6 2 transporters, dang3rdave's ghost, novice GrAK


Innate Abilities, Weirdness & Mutations

Your life essence is reduced to manifest your ancestor. (-10% HP)
You are too large for most types of armour.
You have claws for hands.
Your natural rate of healing is unusually fast.
You are covered in fur. (AC +1)
You have tough skin. (AC +1)


Message History

The six-headed hydra closely misses you.
The six-headed hydra bites you. The six-headed hydra bites you!
The six-headed hydra closely misses you.
The six-headed hydra bites you. The six-headed hydra barely misses you.
You chop one of the six-headed hydra's heads off!
The five-headed hydra grows two more!
You slash the seven-headed hydra!
The seven-headed hydra is moderately wounded.
Kendra hits the seven-headed hydra with a +0 quarterstaff!
The seven-headed hydra bites you!
The seven-headed hydra bites you but does no damage.
The seven-headed hydra barely misses you.
The seven-headed hydra bites you but does no damage.
The seven-headed hydra closely misses you.
The seven-headed hydra bites you but does no damage.
The seven-headed hydra completely misses you.
You lop one of the seven-headed hydra's heads off!
The six-headed hydra grows two more!
You slice the eight-headed hydra!!
The eight-headed hydra is heavily wounded.
Kendra points at the eight-headed hydra and mumbles some strange words.
The puff of frost hits the eight-headed hydra!
The eight-headed hydra closely misses Kendra.
The eight-headed hydra barely misses Kendra.
The eight-headed hydra bites Kendra!
The eight-headed hydra barely misses Kendra.
The eight-headed hydra bites Kendra! x2
Kendra is destroyed!
The eight-headed hydra bites you! x2
You barely miss the eight-headed hydra.
The eight-headed hydra is severely wounded.
The eight-headed hydra bites you but does no damage.
You block the eight-headed hydra's attack.
The eight-headed hydra bites you! x2
* * * LOW HITPOINT WARNING * * *
The eight-headed hydra bites you!
* * * LOW HITPOINT WARNING * * *
The eight-headed hydra bites you.
* * * LOW HITPOINT WARNING * * *
The eight-headed hydra bites you but does no damage. x2
The eight-headed hydra bites you!
You die...

####### #.....'.#..#.#.####
#.....# #.#.#.#......#.# #
#.....###.....#......#.# #
#.......#.#.#)#.#..#.#.####
#.>...###)....#......#...##
#......###'#############.##
#......# #.[..#S.....# #.#
#..†...# #.##.#...# # #.##
#......# #@##.†J..#+ ##..#
###.#..###.DO.#####)# #....
#.##...########.### #....
#.#####...##..#..# #....
#.# #.......##.# #.... #.#
##...#..##.# #.... #.#
##.....##.####.... #.#
###....#......... #.#
#..............


You could see an eight-headed hydra and an ogre.

Vanquished Creatures
  2 vampire mosquitoes (D:6)
  2 water moccasins (D:6)
  An orc warrior (D:6)
  A necrophage (D:6)
  A centaur (D:6)
  A bullfrog (D:6)
  2 scorpions
  A water moccasin zombie (D:4)
  A wight (D:6)
  A howler monkey (D:6)
  A hound (D:6)
  2 orc priests
  3 jellies
  A bullfrog zombie (D:6)
  A gnoll shaman (D:4)
  A bullfrog skeleton (D:4)
  4 iguanas
  2 orc wizards
  2 hound zombies (D:5)
  A hound skeleton (D:4)
  7 gnolls
  8 adders
  A white imp (D:6)
  An adder skeleton (D:4)
  2 worms (D:2)
  2 dart slugs
  13 orcs
  5 endoplasms
  3 giant cockroaches
  9 goblins
  7 hobgoblins
  7 jackals
  3 quokkas
  8 ball pythons
  4 bats
  A frilled lizard (D:2)
  13 kobolds
  6 rats
131 creatures vanquished.

Vanquished Creatures (collateral kills)
  A necrophage (D:6)
  An ogre (D:6)
  A centaur (D:6)
  A kobold brigand (D:6)
  A gnoll sergeant (D:6)
  A centaur zombie (D:5)
  A gnoll shaman (D:5)
  An orc priest (D:6)
  An orc wizard (D:5)
  7 gnolls (D:5)
  3 adders
  A shadow imp (D:5)
  2 orcs (D:6)
  3 kobolds (D:6)
25 creatures vanquished.

Vanquished Creatures (others)
  3 battlemagi
  An orc (D:5)
4 creatures vanquished.

Grand Total: 160 creatures vanquished

Notes
Turn   | Place    | Note
-------+----------+-------------------------------------------
     0 | D:1      | issech the Troll Monk began the quest for the Orb.
     0 | D:1      | Reached XP level 1. HP: 22/22 MP: 0/0
   330 | D:1      | Reached XP level 2. HP: 29/29 MP: 1/1
  1150 | D:2      | Reached XP level 3. HP: 27/36 MP: 2/2
  1457 | D:2      | Found a sparkling altar of Nemelex Xobeh.
  1588 | D:2      | Reached skill level 3 in Dodging
  1588 | D:2      | Reached XP level 4. HP: 32/44 MP: 3/3
  1844 | D:2      | Found a faded altar of an unknown god.
  2553 | D:3      | Found Heahann's General Store.
  2565 | D:3      | Reached XP level 5. HP: 45/53 MP: 4/4
  2731 | D:4      | Found Hic Lag's Book Emporium.
  3156 | D:4      | Reached XP level 6. HP: 61/61 MP: 5/5
  3270 | D:4      | Reached skill level 1 in Short Blades
  3359 | D:4      | Noticed an angel
  3360 | D:4      | Found a glowing silver altar of Zin.
  3360 | D:4      | Found a shimmering altar of Xom.
  3430 | D:4      | Identified the +5 plate armour "Otsoleech" {rF+}
  3514 | D:4      | Found a staircase to the Ecumenical Temple.
  3522 | Temple   | Entered the Ecumenical Temple
  3538 | Temple   | Became a worshipper of Hepliaklqana the Forgotten
  3538 | Temple   | Reached * piety under Hepliaklqana
  3538 | Temple   | Reached ** piety under Hepliaklqana
  3539 | Temple   | Remembered your ancestor Kendra as a battlemage
  3864 | D:5      | Entered Level 5 of the Dungeon
  4069 | D:5      | Reached XP level 7. HP: 55/60 MP: 6/6
  4215 | D:5      | Found a glowing golden altar of the Shining One.
  4215 | D:5      | Found a basalt altar of Yredelemnul.
  4220 | D:5      | Noticed an angel
  4261 | D:5      | Reached skill level 4 in Dodging
  4422 | D:5      | Noticed a profane servitor
  4477 | D:5      | Identified the +10 hand axe "Mukk" {protect, +Blink Int+4}
  4885 | D:6      | Reached skill level 1 in Axes
  4885 | D:6      | Reached XP level 8. HP: 70/70 MP: 7/7
  4925 | D:6      | Reached skill level 5 in Dodging
  5005 | D:6      | Found a transporter.
  5007 | D:6      | Found a transporter.
  5016 | D:6      | Noticed a hornet
  5018 | D:6      | Noticed dang3rdave's ghost (novice GrAK)
  5023 | D:6      | Noticed a queen bee
  5373 | D:6      | Found a sacrificial altar of Ru.
  5436 | D:6      | Noticed a four-headed hydra
  5445 | D:6      | Reached XP level 9. HP: 63/78 MP: 8/8
  5461 | D:6      | Reached skill level 6 in Dodging
  5480 | D:6      | Reached skill level 5 in Fighting
  5505 | D:6      | HP: 2/79 [eight-headed hydra (6)]
  5508 | D:6      | Mangled by an eight-headed hydra

Illustrated notes

Levels and vault maps discovered:
D:1:      matt_arrival_refuge, layout_loops_corners
D:2:      layout_basic, basic_altar, shapermc_ecumenical_altar_mp_urbaneastern,
          chequers_serial_rivers_large_a, minmay_circle_x
D:3:      layout_loops_cross, serial_shops, nicolae_diamond_shop
D:4:      minmay_chambers_of_fours, layout_basic,
          grunt_temple_overflow_order_and_chaos_1, temple_statues, serial_shops,
          nicolae_shop_hallway_stairs
D:5:      layout_basic, grunt_temple_overflow_holy_war
D:6:      minmay_clustersquares, layout_rooms, marbit_many_paths,
          gammafunk_ghost_hive
Temple:   zaba_magenta_temple

Skill      XL: |  1  2  3  4  5  6  7  8  9 |
---------------+----------------------------+-----
Maces & Flails | 3 4 |  4.6
Dodging        | 3 4 5 6 |  6.0
Fighting       | 3 4 5 |  5.0
Short Blades   | 2 3 |  3.6
Stealth        | 2 |  2.4
Axes           | 1 3 4 |  4.1
Throwing       | |  0.1
Shields        | |  0.4

Action                   |  1- 3 |  4- 6 |  7- 9 || total
-------------------------+-------+-------+-------++-------
Melee: Mace              |   116 |    69 |       ||   185
       Punch             |     2 |     4 |     1 ||     7
       Dagger            |       |   132 |    40 ||   172
       Hand axe          |       |       |   110 ||   110
Throw: Stone             |       |       |     3 ||     3
Invok: Ancestor Life: Ba |       |     1 |       ||     1
  Use: Scroll            |       |     4 |     5 ||     9
 Stab: Sleeping          |     2 |     3 |     3 ||     8
       Distracted        |       |       |     1 ||     1
Armor: Robe              |    34 |    49 |    72 ||   155
Dodge: Dodged            |    79 |   111 |   107 ||   297
Block: Kite shield       |       |       |    25 ||    25

Table legend: (Time is in decaauts)
 A = Elapsed time spent in this place.
 B = Non-inter-level travel time spent in this place.
 C = Inter-level travel time spent in this place.
 D = Time resting spent in this place.
 E = Time spent auto-exploring this place.
 F = Levels seen in this place.
 G = Mean time per level.
                   A        B        C        D        E       F      G
               +--------+--------+--------+--------+--------+-----+--------+
         Total |   5576 |   5518 |     58 |    229 |   2275 |   7 |  796.6 |
       Dungeon |   5486 |   5428 |     58 |    229 |   2234 |   6 |  914.3 |
        Temple |     89 |     89 |      0 |      0 |     41 |   1 |   89.0 |
               +--------+--------+--------+--------+--------+-----+--------+

Top non-repeatable levels by time:
     D:4: 1181 daAuts
     D:2: 1107 daAuts
     D:1: 967 daAuts
     D:6: 770 daAuts
     D:5: 747 daAuts
     D:3: 712 daAuts
  Temple: 89 daAuts
